Map: Abyssal Reef LE

Players

TYTY (TY)

  • Race: Terran Terran
  • Spawn Location: 11:00

Zest - Winner!

  • Race: Protoss Protoss
  • Spawn Location: 5:00

Event: IEM XI Katowice - World Championship 2017

VOD

Have the link to the VOD?

Description

Time

  • Played on: March 4, 2017, 6:21 a.m.
  • Length: 11:21

All games in this series

Show
View Real Time Build Order
Export as new Build Order

TYTY Terran 

Build Orders: Reaper Expand, MMM Bio 

Get SALT Encoding   

  12  0:00  SCV  
  13  0:12  SCV  
  14  0:19  Supply Depot  
  14  0:24  SCV  
  15  0:28  Refinery  
  15  0:41  SCV  
  16  0:44  Barracks  
  16  0:53  SCV  
  17  1:05  SCV  
  18  1:17  SCV  
  19  1:31  Orbital Command  
  19  1:32  Reaper  
  20  1:45  Command Center  
  20  1:57  Factory  
  20  2:00  SCV  
  21  2:06  Barracks Reactor  
  21  2:12  SCV  
  21  2:13  Supply Depot  
  22  2:20  Refinery  
  22  2:24  SCV  
  23  2:37  SCV  
  24  2:43  Marine x2, Starport  
  26  2:48  Factory Tech Lab  
  26  2:49  SCV  
  26  2:58  Orbital Command  
  27  3:01  Marine x2  
  27  3:05  SCV  
  29  3:16  Widow Mine  
  29  3:17  SCV  
  29  3:19  Medivac  
  34  3:21  Marine  
  34  3:22  Marine  
  34  3:25  SCV  
  37  3:29  SCV  
  38  3:37  SCV  
  38  3:38  Supply Depot  
  38  3:39  Marine  
  38  3:40  Marine  
  41  3:41  SCV  
  41  3:44  Widow Mine  
  44  3:55  Viking  
  46  3:58  Bunker  
  46  4:00  Marine, SCV x2  
  46  4:01  Marine  
  50  4:06  Supply Depot  
  50  4:12  SCV x2  
  50  4:13  Barracks  
  52  4:18  Marine  
  52  4:19  Marine  
  54  4:28  SCV x2, Barracks  
  54  4:30  Supply Depot  
  56  4:38  Marine  
  56  4:39  Marine  
  56  4:40  Factory Tech Lab, SCV  
  59  4:46  Starport Reactor  
  59  4:48  Supply Depot, SCV  
  59  4:52  SCV  
  61  4:56  Marine  
  61  4:57  Marine  
  63  5:00  SCV  
  63  5:01  Marine, Stimpack  
  63  5:04  SCV  
  63  5:06  Bunker  
  66  5:11  Engineering Bay  
  66  5:12  SCV  
  67  5:14  Marine  
  67  5:15  Marine  
  67  5:18  SCV  
  67  5:20  Refinery  
  68  5:23  Supply Depot, Marine  
  68  5:24  Marine  
  68  5:27  Medivac  
  68  5:28  Medivac  
  74  5:29  SCV  
  74  5:30  SCV  
  74  5:32  Factory Reactor  
  74  5:33  Marine  
  74  5:34  Supply Depot  
  77  5:38  Terran Infantry Weapons Level 1  
  77  5:41  Missile Turret  
  76  5:43  Marine x2  
  76  5:44  Marine  
  76  5:48  Liberator x2  
  76  5:49  Supply Depot  
  79  5:51  Marine  
  79  5:52  SCV x2  
  82  6:01  Marine  
  84  6:04  Marine x2  
  84  6:08  Supply Depot  
  84  6:09  Widow Mine, Refinery  
  93  6:13  Marine  
  93  6:14  SCV  
  93  6:15  SCV  
  96  6:19  Supply Depot, Marine  
  96  6:20  Combat Shields  
  96  6:25  Marine x2  
  99  6:31  Liberator  
  99  6:33  Liberator  
  99  6:35  Marine  
  99  6:37  Marine, Widow Mine  
  102  6:43  Supply Depot  
  104  6:50  Supply Depot  
  104  6:52  Widow Mine  
  104  6:53  Marine  
  113  6:55  Marine  
  113  6:59  Marauder x2  
  118  7:02  Missile Turret  
  116  7:11  Marine  
  117  7:17  Marine  
  117  7:18  Command Center  
  117  7:20  Concussive Shells  
  117  7:23  Marauder x2  
  121  7:32  Medivac  
  121  7:34  Medivac  
  121  7:35  Widow Mine x2  
  128  7:43  Supply Depot  
  128  7:45  Supply Depot  
  128  7:47  Supply Depot  
  128  7:49  Marine x2  
  128  7:50  Marauder x2  
  134  7:51  Terran Infantry Armor Level 1  
  96  8:12  Marine x2  
  96  8:18  Widow Mine x2  
  96  8:19  Medivac x2  
  84  8:22  Marauder  
  84  8:23  Marauder  
  84  8:26  SCV x2, Barracks  
  84  8:29  Barracks  
  84  8:30  Marine  
  85  8:35  Orbital Command  
  85  8:39  Marine  
  84  8:44  Marauder x2  
  88  8:50  Armory  
  88  8:51  Marine  
  88  8:54  Engineering Bay  
  90  8:59  Marine  
  90  9:03  Liberator x2  
  90  9:07  Supply Depot  
  90  9:08  Marine x2  
  90  9:09  SCV x2  
  90  9:10  Orbital Command  
  90  9:16  Barracks Tech Lab  
  90  9:17  Marine x2  
  90  9:21  SCV x2  
  100  9:25  Missile Turret  
  100  9:26  Marine  
  100  9:27  Marine  
  102  9:33  SCV x2  
  102  9:37  Marine x4  
  102  9:38  Supply Depot, Marine  
  109  9:44  Marine x2, SCV  
  109  9:45  Liberator, SCV x2  
  114  9:46  Liberator  
  114  9:55  Marine x3  
  114  9:56  SCV  
  112  10:00  SCV  
  112  10:04  Marine  
  123  10:13  Ghost Academy  
  123  10:14  Marine x2  
  120  10:23  Marine x2  
  120  10:26  Starport  
  120  10:27  Missile Turret, Command Center  
  125  10:30  SCV x2  
  125  10:31  SCV  
  125  10:42  Marine x2  
  126  10:43  SCV  
  119  10:51  Medivac  
  119  10:52  Marine  
  119  10:55  SCV x2  
  112  10:58  SCV  
  107  11:07  SCV x2  
Show
View Real Time Build Order
Export as new Build Order

Zest Protoss - Winner!

Build Orders: 1 Gate Expand, Oracle Opening, Phoenix Opening 

Get SALT Encoding   

  12  0:01  Probe (Chrono Boost)  
  13  0:11  Probe (Chrono Boost)  
  14  0:17  Pylon  
  14  0:22  Probe (Chrono Boost)  
  15  0:35  Probe (Chrono Boost)  
  16  0:36  Gateway  
  16  0:42  Assimilator  
  16  0:46  Probe (Chrono Boost)  
  17  0:56  Probe (Chrono Boost)  
  18  1:07  Probe (Chrono Boost)  
  19  1:19  Nexus  
  19  1:28  Cybernetics Core  
  19  1:32  Probe (Chrono Boost)  
  20  1:36  Assimilator  
  20  1:42  Probe (Chrono Boost)  
  21  1:47  Pylon  
  21  1:53  Probe (Chrono Boost)  
  22  2:06  Mothership Core (Chrono Boost)  
  22  2:07  Warp Gate  
  24  2:11  Adept  
  26  2:24  Probe (Chrono Boost)  
  27  2:31  Probe (Chrono Boost)  
  27  2:34  Probe (Chrono Boost)  
  29  2:39  Stargate  
  29  2:41  Probe (Chrono Boost)  
  29  2:43  Adept  
  32  2:45  Probe (Chrono Boost)  
  33  2:52  Probe (Chrono Boost)  
  33  2:55  Probe (Chrono Boost)  
  35  3:03  Probe (Chrono Boost)  
  36  3:06  Probe (Chrono Boost)  
  37  3:13  Probe (Chrono Boost)  
  37  3:17  Probe (Chrono Boost)  
  37  3:18  Nexus  
  37  3:19  Oracle  
  42  3:29  Probe (Chrono Boost)  
  42  3:31  Probe (Chrono Boost)  
  42  3:34  Pylon  
  44  3:40  Probe (Chrono Boost)  
  46  3:42  Pylon  
  46  3:43  Probe (Chrono Boost)  
  46  3:52  Phoenix, Probe (Chrono Boost)  
  46  3:55  Assimilator  
  50  3:56  Probe (Chrono Boost)  
  50  4:00  Assimilator  
  51  4:02  Probe (Chrono Boost)  
  51  4:10  Gateway x2  
  51  4:13  Phoenix, Probe (Chrono Boost)  
  51  4:15  Probe (Chrono Boost)  
  53  4:24  Probe (Chrono Boost)  
  56  4:26  Adept  
  56  4:27  Probe (Chrono Boost)  
  60  4:31  Probe (Chrono Boost)  
  60  4:37  Phoenix  
  60  4:44  Twilight Council  
  58  4:46  Forge  
  58  4:53  Probe (Chrono Boost)  
  58  4:55  Probe (Chrono Boost)  
  58  4:59  Phoenix  
  61  5:03  Pylon  
  61  5:06  Protoss Ground Weapons Level 1  
  62  5:08  Resonating Glaives  
  62  5:18  Pylon  
  62  5:24  Adept  
  62  5:25  Adept x2  
  62  5:27  Phoenix  
  70  5:46  Adept  
  70  5:47  Adept x2  
  76  5:52  Nexus, Phoenix  
  76  5:53  Pylon  
  78  6:06  Gateway x2  
  78  6:07  Gateway  
  78  6:16  Adept  
  78  6:17  Adept x2  
  84  6:19  Robotics Facility  
  84  6:25  Phoenix  
  86  6:29  Pylon  
  86  6:34  Pylon  
  86  6:47  Pylon  
  86  6:49  Adept x3  
  86  6:52  Phoenix  
  94  7:07  Observer  
  94  7:14  Adept x6  
  110  7:16  Probe (Chrono Boost)  
  110  7:17  Probe x2 (Chrono Boost)  
  110  7:18  Phoenix  
  110  7:19  Protoss Ground Armor Level 1  
  112  7:26  Probe (Chrono Boost)  
  112  7:29  Probe x2 (Chrono Boost)  
  115  7:42  Adept x5  
  125  7:45  Pylon  
  125  7:56  Pylon  
  96  8:14  Probe (Chrono Boost)  
  96  8:18  Adept x2  
  96  8:19  Adept x4  
  99  8:33  Probe x2 (Chrono Boost)  
  101  8:34  Probe (Chrono Boost)  
  101  8:36  Pylon  
  101  8:39  Warp Prism  
  101  8:40  Adept  
  101  8:41  Adept x5  
  114  8:44  Phoenix, Protoss Air Weapons Level 1  
  114  8:45  Probe x2 (Chrono Boost)  
  120  8:56  Nexus  
  120  9:08  Phoenix  
  120  9:16  Observer  
  123  9:17  Adept x5  
  123  9:18  Adept  
  123  9:21  Pylon  
  135  9:29  Pylon  
  135  9:31  Phoenix  
  137  9:39  Pylon  
  137  9:42  Adept x4  
  137  9:43  Adept  
  143  9:48  Observer  
  143  9:51  Pylon  
  141  10:08  Adept  
  141  10:09  Adept x5  
  141  10:12  Phoenix  
  155  10:23  Probe x2 (Chrono Boost)  
  155  10:24  Probe (Chrono Boost)  
  155  10:25  Probe (Chrono Boost)  
  159  10:37  Probe (Chrono Boost)  
  159  10:38  Probe x2 (Chrono Boost)  
  162  10:42  Adept x3  
  162  10:43  Adept x3  
  151  11:08  Adept  
  151  11:09  Adept x5  

Tags
 
Add a new tag
Caveats
  • Supply blocks, unpowered buildings, or Contaminate may cause inaccurate times.
  • Supply counts are checked every 10 seconds.